[Event "Titled Tuesday Blitz August 31 2021"]
[White "Kowalczyk, Pawel"]
[Black "Chernomordik, Pavel"]
[WhiteFideId "1130641"]
[BlackFideId "2804530"]
[WhiteElo "2325"]
[BlackElo "2256"]
[Result "1-0"]
[Round "03"]
[TimeControl "180+1"]
[Date "2021.08.31"]
[WhiteClock "0:01:15"]
[BlackClock "0:00:59"]

1. a3 g6 2. d4 Bg7 3. c4 d6 4. Nf3 Nf6 5. g3 O-O 6. Bg2 c6 7. O-O a6 8. Nc3 b5 9. cxb5 axb5 10. Bg5 b4 11. axb4 Rxa1 12. Qxa1 Qb6 13. Qa5 Qb7 14. b5 cxb5 15. Qxb5 Qa7 16. e4 Ba6 17. Ra1 Qb7 18. Qxb7 Bxb7 19. d5 Na6 20. Nd4 Nc5 21. Nc6 e6 22. Ra7 Bxc6 23. dxc6 Rc8 24. b4 Nd3 25. b5 Ne8 26. Na4 Bd4 27. Rd7 Nxf2 28. Kf1 Ng4 29. e5 Nxe5 30. Rd8 Rxd8 31. Bxd8 Nc4 32. c7 Nxc7 33. Bxc7 Ne3+ 34. Ke2 Nxg2 35. b6 Ne3 36. b7 Ba7 37. Bb6 Bb8 38. Kxe3 Kf8 39. Nc3 Ke8 40. Nb5 Kd7 41. Ba7 Bxa7+ 42. Nxa7 Kc7 43. Nb5+ Kxb7 44. Nxd6+ Kc6 45. Nxf7 Kd5 46. Ng5 h6 47. Nf7 h5 48. h4 e5 49. Ng5 1-0


[Site "https://www.chess.com"]

[Event "Titled Tuesday Blitz August 31 2021"]
[White "Kretov, Evgenij"]
[Black "Petukhov, Dmitry"]
[WhiteFideId "4167821"]
[BlackFideId "4142748"]
[WhiteElo "2400"]
[BlackElo "2356"]
[Result "1/2-1/2"]
[Round "03"]
[TimeControl "180+1"]
[Date "2021.08.31"]
[WhiteClock "0:01:04"]
[BlackClock "0:00:20"]

1. d4 Nf6 2. c4 g6 3. Nc3 d5 4. cxd5 Nxd5 5. Bd2 Bg7 6. e4 Nxc3 7. Bxc3 c5 8. d5 Bxc3+ 9. bxc3 Qa5 10. Qd2 e6 11. c4 Qxd2+ 12. Kxd2 e5 13. g3 O-O 14. f4 Re8 15. Re1 Nd7 16. Bh3 Nf6 17. Bxc8 Raxc8 18. Kd3 Ng4 19. Nh3 Rc7 20. Re2 Rce7 21. Rhe1 h6 22. Ng1 f5 23. exf5 e4+ 24. Kc3 gxf5 25. h3 Nf6 26. Rb2 b6 27. Ne2 e3 28. a4 Ne4+ 29. Kc2 Kf7 30. g4 Kf6 31. a5 bxa5 32. Ra2 Rg7 33. Rxa5 fxg4 34. hxg4 Rxg4 35. Rxa7 Rg2 36. Ra6+ Kg7 37. Re6 Rxe6 38. dxe6 Kf6 39. Kd3 Nd6 40. Rh1 Nf5 41. Nc3 Rd2+ 42. Ke4 Rd4+ 43. Kf3 Kxe6 44. Rg1 Rxc4 45. Ne4 Kd5 46. Nf6+ Kd4 47. Rd1+ Kc3 48. Nd5+ Kc2 49. Rh1 Rd4 50. Nxe3+ Nxe3 51. Kxe3 Rd6 52. Ke4 c4 53. Ke5 Rd8 54. f5 c3 55. Rxh6 Kb2 56. Rb6+ Kc1 57. f6 c2 58. Rc6 Kd1 59. f7 c1=Q 60. Rxc1+ Kxc1 61. Ke6 Rf8 62. Ke7 Rxf7+ 63. Kxf7 1/2-1/2


[Site "https://www.chess.com"]

[Event "Titled Tuesday Blitz August 31 2021"]
[White "Krysa, Leandro"]
[Black "Demidov, Mikhail"]
[WhiteFideId "116807"]
[BlackFideId "4197143"]
[WhiteElo "2617"]
[BlackElo "2800"]
[Result "1/2-1/2"]
[Round "03"]
[TimeControl "180+1"]
[Date "2021.08.31"]
[WhiteClock "0:00:05"]
[BlackClock "0:00:09"]

1. e4 Nf6 2. e5 Nd5 3. d4 d6 4. c4 Nb6 5. f4 g6 6. Be3 Bg7 7. Nc3 O-O 8. c5 N6d7 9. Nf3 b6 10. b4 a5 11. a3 axb4 12. axb4 Rxa1 13. Qxa1 bxc5 14. bxc5 Bb7 15. Be2 Nc6 16. O-O dxc5 17. dxc5 e6 18. Rb1 Ba8 19. Qa6 Ne7 20. Rd1 Nd5 21. Nxd5 Bxd5 22. h3 Qa8 23. Qxa8 Rxa8 24. Bb5 c6 25. Rxd5 exd5 26. Bxc6 Rd8 27. Bb7 Nxc5 28. Bxc5 Bf8 29. Bxf8 Kxf8 30. Kf2 d4 31. Be4 Ke7 32. Ke2 f6 33. exf6+ Kxf6 34. Kd3 Rb8 35. Nxd4 Rb2 36. Ke3 Ra2 37. Nf3 Ra3+ 38. Bd3 Ra2 39. g4 Ra3 40. g5+ Kg7 41. Nd4 Ra1 42. Bc4 Rh1 43. Be6 Kf8 44. Bg4 Kg7 45. f5 gxf5 46. Bxf5 Rh2 47. Nf3 Ra2 48. Kf4 Ra4+ 49. Kg3 Ra5 50. Be4 Ra4 51. Bd3 Ra3 52. Bc4 Ra4 53. Be6 Ra3 54. Bg4 Ra4 55. h4 Rb4 56. Ne5 Rb3+ 57. Kf4 Rb4+ 58. Kf5 Rb5 59. h5 h6 60. g6 Ra5 61. Bf3 Rb5 62. Be4 Ra5 63. Ke6 Ra6+ 64. Kf5 Ra5 65. Kf4 Rb5 66. Nf3 Rxh5 67. Nd4 Kf6 68. Nf3 Ra5 69. Kg4 Ra4 70. Kf4 h5 71. Ke3 Rxe4+ 72. Kxe4 Kxg6 73. Kf4 h4 74. Nxh4+ 1/2-1/2


[Site "https://www.chess.com"]

[Event "Titled Tuesday Blitz August 31 2021"]
[White "Kubicka, Anna"]
[Black "Molina, Roberto Junio Brito"]
[WhiteFideId "1152254"]
[BlackFideId "2109450"]
[WhiteElo "2010"]
[BlackElo "2402"]
[Result "0-1"]
[Round "03"]
[TimeControl "180+1"]
[Date "2021.08.31"]
[WhiteClock "0:00:20"]
[BlackClock "0:00:09"]

1. e4 c6 2. d4 d5 3. e5 Bf5 4. h4 Qb6 5. g4 Bd7 6. c3 h5 7. Be2 hxg4 8. Bxg4 Bxg4 9. Qxg4 e6 10. Nh3 Ne7 11. Nf4 Nf5 12. Nd2 Nd7 13. Nf3 O-O-O 14. Ng5 Nh6 15. Qh3 Be7 16. Ngxe6 fxe6 17. Nxe6 Rdg8 18. Rg1 g6 19. h5 Nf5 20. Qg4 Qb5 21. hxg6 Qd3 22. Bd2 Rh4 23. Qe2 Re4 24. Be3 Rxe3 25. fxe3 Bh4+ 26. Kf1 Nxe3# 0-1


[Site "https://www.chess.com"]

[Event "Titled Tuesday Blitz August 31 2021"]
[White "Liyanage, Ranindu Dilshan"]
[Black "Kamsky, Gata"]
[WhiteFideId "9915834"]
[BlackFideId "2000024"]
[WhiteElo "1839"]
[BlackElo "2644"]
[Result "0-1"]
[Round "03"]
[TimeControl "180+1"]
[Date "2021.08.31"]
[WhiteClock "0:00:02"]
[BlackClock "0:00:14"]

1. e4 e5 2. Nf3 Nc6 3. d4 exd4 4. Nxd4 Bc5 5. Nb3 Bb6 6. Nc3 Nge7 7. Qe2 O-O 8. Bg5 f6 9. Bh4 a5 10. a4 d6 11. O-O-O Qe8 12. f4 Be6 13. Nd5 Bxd5 14. exd5 Nb4 15. Qe6+ Kh8 16. Bb5 c6 17. dxc6 bxc6 18. Bc4 d5 19. Bd3 Nxd3+ 20. Rxd3 Ng6 21. Qg4 Be3+ 22. Kb1 Bxf4 23. Re1 Be5 24. Rh3 Qc8 25. Qd1 c5 26. Qxd5 Nf4 27. Qxc5 Nxh3 28. gxh3 Qxh3 29. Bg3 Rfc8 30. Qd5 Bxg3 31. hxg3 Qxg3 32. Rh1 Qg6 33. Nd4 Rd8 34. Qc4 Qe4 35. Rd1 Rac8 36. Qa6 Rxc2 37. Nxc2 Rxd1+ 38. Ka2 Rd8 39. Qb6 Qc4+ 40. b3 Qxc2+ 0-1


[Site "https://www.chess.com"]

[Event "Titled Tuesday Blitz August 31 2021"]
[White "Ljukin, Sergei"]
[Black "Holt, Conrad"]
[WhiteFideId "14102200"]
[BlackFideId "2034387"]
[WhiteElo "2309"]
[BlackElo "2586"]
[Result "0-1"]
[Round "03"]
[TimeControl "180+1"]
[Date "2021.08.31"]
[WhiteClock "0:00:10"]
[BlackClock "0:01:07"]

1. e4 e6 2. d4 d5 3. Nc3 Nf6 4. Bg5 dxe4 5. Nxe4 Be7 6. Bxf6 Bxf6 7. Nf3 Nd7 8. Bc4 a6 9. Qe2 b5 10. Bb3 O-O 11. O-O-O Bb7 12. d5 exd5 13. Bxd5 c6 14. Bb3 Qc7 15. Rd6 Be7 16. Rd2 c5 17. Bd5 Bxd5 18. Rxd5 Nb6 19. Rd2 Rfe8 20. Re1 Nc4 21. Rd5 Qc6 22. Qd3 Qg6 23. Ng3 Bg5+ 24. Kb1 Nd2+ 25. Ka1 Nxf3 26. Rxe8+ Rxe8 27. Qxf3 Qxc2 28. Rd1 Bf6 29. Rb1 Bxb2+ 0-1


[Site "https://www.chess.com"]

[Event "Titled Tuesday Blitz August 31 2021"]
[White "Maksimovic, Bojan"]
[Black "Stelmaszyk, Nico"]
[WhiteFideId "14408120"]
[BlackFideId "16200462"]
[WhiteElo "2714"]
[BlackElo "2409"]
[Result "1-0"]
[Round "03"]
[TimeControl "180+1"]
[Date "2021.08.31"]
[WhiteClock "0:00:16"]
[BlackClock "0:00:53"]

1. e4 e5 2. Nf3 Nf6 3. Nxe5 Nxe4 4. Qe2 Qe7 5. Qxe4 d6 6. d4 dxe5 7. dxe5 Nc6 8. Nc3 Qxe5 9. Qxe5+ Nxe5 10. Bf4 Bd6 11. Bg3 Bd7 12. Ne4 O-O-O 13. Nxd6+ cxd6 14. O-O-O Bc6 15. f3 Rhe8 16. Be2 Kc7 17. Rd2 b6 18. Rhd1 f6 19. Bf1 Re7 20. b3 Ree8 21. Kb2 Re7 22. Rd4 h6 23. Be1 Ree8 24. Bb4 d5 25. Be1 Kb7 26. Bg3 Nf7 27. Bd3 Ne5 28. Be4 Nf7 29. Bxd5 Rxd5 30. Rxd5 Bxd5 31. Rxd5 Rd8 32. Rxd8 Nxd8 33. c4 Kc6 34. Kc3 Ne6 35. Bb8 a6 36. Bg3 f5 37. Be5 g6 38. a4 b5 39. cxb5+ axb5 40. a5 Kd5 41. Bg3 Nd8 42. b4 Ne6 43. a6 Kc6 44. Bf2 Kc7 45. Be3 h5 46. h3 Kc6 47. Kd3 Kd5 48. a7 Nc7 49. Bb6 Na8 50. Ba5 Ke5 51. Ke3 Ke6 52. Kd4 Kd6 53. h4 Ke6 54. Kc5 Ke5 55. Kc6 Kf4 56. Kb7 1-0


[Site "https://www.chess.com"]

[Event "Titled Tuesday Blitz August 31 2021"]
[White "Martin Duque, Jesus"]
[Black "Sipila, Vilka"]
[WhiteFideId "2208954"]
[BlackFideId "505455"]
[WhiteElo "2385"]
[BlackElo "2713"]
[Result "1/2-1/2"]
[Round "03"]
[TimeControl "180+1"]
[Date "2021.08.31"]
[WhiteClock "0:00:31"]
[BlackClock "0:00:42"]

1. Nf3 f5 2. d3 Nf6 3. e4 d6 4. exf5 Bxf5 5. d4 Nc6 6. Bd3 Qd7 7. O-O O-O-O 8. Re1 e5 9. Bxf5 Qxf5 10. Nc3 Qh5 11. h3 exd4 12. Nxd4 Qxd1 13. Rxd1 Nxd4 14. Rxd4 c5 15. Rd1 d5 16. Bg5 d4 17. Bxf6 gxf6 18. Ne4 f5 19. Ng5 Rg8 20. Ne6 Re8 21. Nxf8 Rgxf8 22. Re1 Kd8 23. Kf1 Kd7 24. Rxe8 Rxe8 25. Rd1 Kd6 26. Rd3 f4 27. Rf3 Re4 28. g3 Ke5 29. Ra3 a6 30. f3 Re3 31. Rxe3+ dxe3 32. g4 c4 33. Ke2 b5 34. c3 a5 35. a3 Kf6 36. h4 Kg6 37. Ke1 Kf6 38. Ke2 Kg6 39. Ke1 h5 40. g5 Kf5 41. Ke2 Kg6 42. Ke1 Kf5 43. Ke2 Kg6 44. Ke1 1/2-1/2


[Site "https://www.chess.com"]

[Event "Titled Tuesday Blitz August 31 2021"]
[White "Materia, Marco"]
[Black "Luong Phuong Hanh"]
[WhiteFideId "45150451"]
[BlackFideId "12401013"]
[WhiteElo "2682"]
[BlackElo "2096"]
[Result "1/2-1/2"]
[Round "03"]
[TimeControl "180+1"]
[Date "2021.08.31"]
[WhiteClock "0:01:10"]
[BlackClock "0:01:43"]

1. d4 Nf6 2. c4 g6 3. Nc3 d5 4. h4 h6 5. Nf3 Bg7 6. cxd5 Nxd5 7. e4 Nxc3 8. bxc3 c5 9. Be3 Bg4 10. Be2 O-O 11. Rb1 Qa5 12. Qd2 cxd4 13. cxd4 Qxd2+ 14. Nxd2 Bxe2 15. Kxe2 Nc6 16. d5 Na5 17. Rhc1 Rfc8 18. f4 b6 19. Kd3 Nb7 20. e5 g5 21. hxg5 hxg5 22. g3 Nc5+ 23. Bxc5 bxc5 24. Rb7 Kf8 25. Ne4 gxf4 26. gxf4 Bh6 27. Rxc5 Rxc5 28. Nxc5 Bxf4 29. Ke4 Bd2 30. d6 exd6 31. exd6 Rd8 32. Kd5 Bf4 33. d7 Be3 34. Kd6 Bf4+ 35. Kc6 Ke7 36. Rb4 Be5 37. Re4 f6 38. Re1 Rb8 39. Nb7 Rxb7 40. Kxb7 Kxd7 41. Kxa7 Kc6 42. Ka6 Kc5 43. Re4 Kd5 44. Rh4 f5 45. Kb5 f4 46. Rh1 f3 47. a4 Ke4 48. a5 Ke3 49. a6 Bd4 50. Kc4 f2 51. Rb1 Ba7 52. Kd5 Ke2 53. Rb2+ Ke1 54. Kc6 f1=Q 55. Rb1+ Ke2 56. Rxf1 Kxf1 57. Kb7 Be3 58. a7 Bxa7 1/2-1/2


[Site "https://www.chess.com"]

[Event "Titled Tuesday Blitz August 31 2021"]
[White "Mikhailovsky, Vladimir"]
[Black "Maghsoodloo, Parham"]
[WhiteFideId "34105414"]
[BlackFideId "12539929"]
[WhiteElo "2315"]
[BlackElo "2601"]
[Result "1-0"]
[Round "03"]
[TimeControl "180+1"]
[Date "2021.08.31"]
[WhiteClock "0:00:04"]
[BlackClock "0:00:06"]

1. Nf3 d5 2. b3 Nf6 3. Bb2 g6 4. g3 Bg7 5. Bg2 c5 6. O-O Nc6 7. d4 Ne4 8. e3 O-O 9. Nbd2 Qa5 10. Nxe4 dxe4 11. Ne5 f5 12. Qe2 Be6 13. Nxc6 bxc6 14. c4 Rfd8 15. Rfd1 Rd6 16. dxc5 Qxc5 17. Bxg7 Kxg7 18. Qb2+ Kf7 19. Rd4 Rad8 20. Rad1 a5 21. Qc3 Qb4 22. Qc2 c5 23. Rxd6 Rxd6 24. Rxd6 exd6 25. a4 d5 26. cxd5 Bxd5 27. Bf1 Bxb3 28. Qb2 Be6 29. Qe5 c4 30. Qc7+ Kf6 31. Qd8+ Kg7 32. Qc7+ Bf7 33. h4 h6 34. h5 Qxa4 35. Qe5+ Kh7 36. hxg6+ Kxg6 37. Qd6+ Kh7 38. Qf6 Qd7 39. g4 fxg4 40. Qe5 Bg6 41. Qxa5 Qf7 42. Qe5 h5 43. Qc5 Qg7 44. Bxc4 Qf6 45. Qc7+ Kh6 46. Kg2 h4 47. Kg1 Kg5 48. Qc5+ Kh6 49. Qc7 Bh5 50. Qd7 g3 51. fxg3 hxg3 52. Qd2 Bf3 53. Be2 Qa1+ 54. Bf1 g2 55. Qd6+ Kg7 56. Qd7+ Kg6 57. Qd6+ Kf5 58. Qd7+ Kg5 59. Qd5+ Kh4 60. Qd8+ Kh3 61. Qd7+ Bg4 62. Qh7+ Kg3 63. Qh2+ Kf3 64. Qf4# 1-0


[Site "https://www.chess.com"]

[Event "Titled Tuesday Blitz August 31 2021"]
[White "Moroni, Luca Jr"]
[Black "Gerzhoy, Leonid"]
[WhiteFideId "865834"]
[BlackFideId "2806126"]
[WhiteElo "2491"]
[BlackElo "2613"]
[Result "1-0"]
[Round "03"]
[TimeControl "180+1"]
[Date "2021.08.31"]
[WhiteClock "0:00:22"]
[BlackClock "0:00:16"]

1. d4 Nf6 2. Bf4 d6 3. e3 Nbd7 4. Nf3 Nh5 5. Bg5 h6 6. Bh4 g5 7. Nfd2 Ng7 8. Bg3 Nf5 9. Nc3 Bg7 10. Bd3 Nxg3 11. hxg3 e6 12. Qe2 b6 13. O-O-O Bb7 14. f4 Qe7 15. Ba6 O-O-O 16. Qb5 Nb8 17. Bxb7+ Kxb7 18. Nb3 Qd7 19. Qe2 a5 20. a4 Na6 21. Nb5 c6 22. Nc3 Nb4 23. fxg5 hxg5 24. Ne4 Qe7 25. c3 Nd5 26. Kb1 f5 27. Ned2 Rxh1 28. Rxh1 Rh8 29. Rxh8 Bxh8 30. e4 fxe4 31. Nxe4 e5 32. dxe5 Qxe5 33. Qf3 Nf6 34. Nxf6 Qxf6 35. Qe4 Qe5 36. Qh7+ Qg7 37. Qf5 Qe7 38. Ka2 Be5 39. g4 d5 40. Nd2 Bf4 41. Nf3 Qe2 42. Qd7+ Bc7 43. Qxc6+ Kxc6 44. Nd4+ Kd6 45. Nxe2 Ke5 46. Kb3 Ke4 47. Kc2 Ke3 48. Nd4 Kf2 49. Ne6 Bd6 50. Nxg5 Kxg2 51. Nf7 Bf8 52. Ne5 Kg3 53. Nd7 Bc5 54. Nxc5 bxc5 55. g5 1-0


[Site "https://www.chess.com"]

[Event "Titled Tuesday Blitz August 31 2021"]
[White "Msellek, Ilyass"]
[Black "Khusnutdinov, Rustam"]
[WhiteFideId "675938"]
[BlackFideId "13701703"]
[WhiteElo "2207"]
[BlackElo "2571"]
[Result "0-1"]
[Round "03"]
[TimeControl "180+1"]
[Date "2021.08.31"]
[WhiteClock "0:00:10"]
[BlackClock "0:00:27"]

1. e4 e6 2. d4 d5 3. Nc3 Nf6 4. e5 Nfd7 5. f4 c5 6. Nf3 Nc6 7. Be3 a6 8. Qd2 b5 9. dxc5 Bxc5 10. O-O-O Qb6 11. Bxc5 Nxc5 12. Bd3 b4 13. Ne2 a5 14. Ned4 Ba6 15. Bxa6 Qxa6 16. Nxc6 Qxc6 17. Nd4 Qd7 18. g4 Ne4 19. Qe3 a4 20. f5 a3 21. b3 Nc3 22. Rd3 Nxa2+ 23. Kb1 Nc3+ 24. Ka1 Ne4 25. Rf1 Rc8 26. h4 Rc3 27. Rxc3 Nxc3 28. fxe6 fxe6 29. Nxe6 Qxe6 30. Qa7 Qxe5 31. Qa8+ Ke7 32. Qb7+ Ke6 33. Qb6+ Qd6 34. Qe3+ Ne4 35. Rf5 Qc5 36. Qxe4+ dxe4 37. Rxc5 Kd6 38. Rc4 Re8 39. Rxb4 e3 40. Rd4+ Kc5 41. Rd1 e2 42. Re1 Kd4 43. Ka2 Kc3 44. Kxa3 Kxc2 0-1


[Site "https://www.chess.com"]

[Event "Titled Tuesday Blitz August 31 2021"]
[White "Murzin, Volodar"]
[Black "Vasli, Aref"]
[WhiteFideId "44155573"]
[BlackFideId "417521"]
[WhiteElo "2747"]
[BlackElo "2498"]
[Result "1-0"]
[Round "03"]
[TimeControl "180+1"]
[Date "2021.08.31"]
[WhiteClock "0:00:09"]
[BlackClock "0:00:11"]

1. e4 e5 2. Nf3 Nc6 3. Bb5 a6 4. Ba4 Nf6 5. O-O Be7 6. d3 b5 7. Bb3 d6 8. a3 O-O 9. Nc3 Bb7 10. Nd5 Qd7 11. Nxe7+ Nxe7 12. Bg5 Ng6 13. Nd2 Ng4 14. h3 h6 15. Qxg4 Qxg4 16. hxg4 hxg5 17. Nf3 Bc8 18. Nxg5 Bxg4 19. g3 c5 20. a4 Be2 21. axb5 Bxf1 22. Kxf1 Ne7 23. bxa6 g6 24. Bc4 Kg7 25. c3 Ra7 26. b4 cxb4 27. cxb4 Nc8 28. Rc1 Nb6 29. Bb5 Rc8 30. Rxc8 Nxc8 31. Bc4 Nb6 32. b5 Kf6 33. f4 Rc7 34. Ke2 exf4 35. gxf4 Rd7 36. Ke3 d5 37. exd5 Kf5 38. Ne4 f6 39. d6 g5 40. fxg5 fxg5 41. Kd4 g4 42. Kc5 Nc8 43. b6 g3 44. Nxg3+ Ke5 45. b7 Nxd6 46. b8=Q 1-0


[Site "https://www.chess.com"]

[Event "Titled Tuesday Blitz August 31 2021"]
[White "Naroditsky, Daniel"]
[Black "Ohanyan, Emin"]
[WhiteFideId "2026961"]
[BlackFideId "13312022"]
[WhiteElo "2608"]
[BlackElo "1809"]
[Result "1-0"]
[Round "03"]
[TimeControl "180+1"]
[Date "2021.08.31"]
[WhiteClock "0:01:40"]
[BlackClock "0:00:03"]

1. b3 Nf6 2. Bb2 g6 3. Nf3 Bg7 4. g3 O-O 5. Bg2 c5 6. c4 Nc6 7. O-O d6 8. d4 Ne4 9. e3 Bf5 10. Nh4 cxd4 11. exd4 d5 12. Re1 Nf6 13. Nxf5 gxf5 14. Nd2 e6 15. Nf3 Ne4 16. cxd5 Qxd5 17. Ng5 Bxd4 18. Nxe4 fxe4 19. Rxe4 Bxb2 20. Rg4+ Kh8 21. Bxd5 Rad8 22. Qb1 Bxa1 23. Qxa1+ 1-0


[Site "https://www.chess.com"]

[Event "Titled Tuesday Blitz August 31 2021"]
[White "Nasuta, Grzegorz"]
[Black "Chigaev, Maksim"]
[WhiteFideId "1141686"]
[BlackFideId "4108116"]
[WhiteElo "2320"]
[BlackElo "2579"]
[Result "1/2-1/2"]
[Round "03"]
[TimeControl "180+1"]
[Date "2021.08.31"]
[WhiteClock "0:00:05"]
[BlackClock "0:00:18"]

1. e4 e5 2. Nf3 Nc6 3. Bc4 d6 4. d4 Nf6 5. Nc3 Bg4 6. dxe5 Nxe5 7. Be2 Nxf3+ 8. Bxf3 Bxf3 9. Qxf3 Be7 10. Be3 Qd7 11. O-O-O Qg4 12. Nb5 Qxf3 13. gxf3 Kd7 14. e5 Ne8 15. Bf4 a6 16. Nc3 Rd8 17. Rhe1 Kc8 18. Nd5 Bh4 19. Bg3 Bxg3 20. fxg3 Rd7 21. e6 fxe6 22. Rxe6 Rf7 23. Rde1 Kd8 24. f4 Rhf8 25. Kd2 Nf6 26. Nxf6 Rxf6 27. Rxf6 Rxf6 28. Kd3 Kd7 29. a4 b6 30. b3 d5 31. Re5 Kd6 32. Re8 Rh6 33. Rg8 Rxh2 34. Rxg7 b5 35. axb5 axb5 36. b4 Rg2 37. c3 c6 38. Kd4 Rd2+ 39. Ke3 Rc2 40. Kd3 Rg2 41. Kd4 Rd2+ 42. Ke3 Rc2 43. Kd3 Rg2 1/2-1/2


[Site "https://www.chess.com"]

[Event "Titled Tuesday Blitz August 31 2021"]
[White "Nazaretyan, Tigran"]
[Black "Reprintsev, Alexander"]
[WhiteFideId "24162345"]
[BlackFideId "14100541"]
[WhiteElo "2167"]
[BlackElo "2126"]
[Result "1/2-1/2"]
[Round "03"]
[TimeControl "180+1"]
[Date "2021.08.31"]
[WhiteClock "0:00:27"]
[BlackClock "0:00:13"]

1. d4 d5 2. c4 e5 3. dxe5 d4 4. Nf3 Nc6 5. a3 g6 6. b4 Bg7 7. Bb2 Nh6 8. e3 dxe3 9. Qxd8+ Nxd8 10. fxe3 O-O 11. h3 Re8 12. Nbd2 Nc6 13. Rd1 a5 14. b5 Nxe5 15. Bxe5 Bxe5 16. Nxe5 Rxe5 17. Kf2 Bf5 18. g4 Be4 19. Nxe4 Rxe4 20. Bg2 Rxc4 21. Bxb7 Re8 22. Bc6 Re5 23. Rd3 f5 24. g5 Nf7 25. h4 Kf8 26. Kf3 Re7 27. Bd5 Ne5+ 28. Ke2 Rc2+ 29. Rd2 Rxd2+ 30. Kxd2 Rd7 31. e4 fxe4 32. Rf1+ Ke7 33. Ke3 Rxd5 34. a4 Ng4+ 35. Kxe4 Re5+ 36. Kd4 Rf5 37. Rc1 Kd7 38. Ke4 Re5+ 39. Kf4 Nf2 40. Rxc7+ Kxc7 41. Kxe5 Nd3+ 42. Kf6 Ne1 43. Kg7 Nf3 44. Kxh7 Nxh4 45. Kg7 Kb6 46. Kf6 Kc5 47. Ke5 Nf3+ 48. Kf6 Nh4 49. Kf7 Kb6 50. Ke7 Kc5 51. Kd7 Kb6 52. Ke6 Kc5 53. Ke7 Kb6 54. Ke6 Kc5 55. Kd7 Kb6 56. Ke7 Kc5 57. Kf6 Kb6 58. Ke5 Nf3+ 59. Kf6 Nh4 60. Kf7 Kc5 61. Kg7 Kb6 62. Kh6 Kc5 63. Kh7 Kb6 64. Kg8 Kc5 65. Kf7 Kb6 66. Kf6 Kc5 1/2-1/2


[Site "https://www.chess.com"]

[Event "Titled Tuesday Blitz August 31 2021"]
[White "Njal28"]
[Black "Leenhouts, Koen"]
[BlackFideId "1008439"]
[WhiteElo "2946"]
[BlackElo "2409"]
[Result "1-0"]
[Round "03"]
[TimeControl "180+1"]
[Date "2021.08.31"]
[WhiteClock "0:01:39"]
[BlackClock "0:00:14"]

1. b3 e5 2. Bb2 Nc6 3. c4 Nf6 4. Nf3 d6 5. g3 Be7 6. Bg2 h6 7. O-O Be6 8. Nc3 Qd7 9. d4 exd4 10. Nxd4 Bh3 11. Qd2 Bxg2 12. Kxg2 O-O 13. Rad1 Rfe8 14. e4 Nxd4 15. Qxd4 Bf8 16. f3 a6 17. a4 Rad8 18. Ne2 Qc6 19. Qd3 Nd7 20. Nd4 Qb6 21. Qc3 Be7 22. a5 Qc5 23. Ne6 Bf6 24. Qxf6 Nxf6 25. Nxc5 dxc5 26. Kf2 Rd6 27. e5 Rxd1 28. Rxd1 Nh7 29. Rd7 Rc8 30. f4 Nf8 31. Rd5 Ne6 32. f5 c6 33. Rd7 Nc7 34. Ba3 1-0


[Site "https://www.chess.com"]

[Event "Titled Tuesday Blitz August 31 2021"]
[White "Omariev, Maksim"]
[Black "Bryakin, Mikhail"]
[WhiteFideId "4193423"]
[BlackFideId "4165314"]
[WhiteElo "2450"]
[BlackElo "2336"]
[Result "0-1"]
[Round "03"]
[TimeControl "180+1"]
[Date "2021.08.31"]
[WhiteClock "0:00:02"]
[BlackClock "0:01:23"]

1. e4 e5 2. Nf3 Nf6 3. Nxe5 d6 4. Nf3 Nxe4 5. Nc3 Nxc3 6. dxc3 Be7 7. Bf4 Nd7 8. Qd2 Nc5 9. O-O-O Be6 10. Kb1 Qd7 11. Nd4 O-O-O 12. Bb5 c6 13. Be2 Ne4 14. Qe3 d5 15. Nxe6 fxe6 16. Qxa7 Bd6 17. Be3 Rhf8 18. f3 Nf6 19. c4 Bb8 20. Qa4 e5 21. cxd5 cxd5 22. Rd3 Qxa4 23. Rc3+ Kd7 24. Ra3 Qh4 25. g3 Qh3 26. Bc5 Bd6 27. Bxd6 Kxd6 28. Rd1 Qxh2 29. Bb5 Qxg3 30. c4 d4 31. b4 Ne4 32. c5+ Kc7 33. fxe4 Qxa3 34. Rd3 Qxb4+ 35. Rb3 Qxc5 36. Kb2 Rf2+ 37. Kb1 Qc2+ 0-1


[Site "https://www.chess.com"]

[Event "Titled Tuesday Blitz August 31 2021"]
[White "Ozen, Bahadir"]
[Black "Guliev, Logman"]
[WhiteFideId "6337058"]
[BlackFideId "13400061"]
[WhiteElo "2503"]
[BlackElo "2128"]
[Result "1/2-1/2"]
[Round "03"]
[TimeControl "180+1"]
[Date "2021.08.31"]
[WhiteClock "0:00:26"]
[BlackClock "0:00:17"]

1. b3 d5 2. Bb2 Nf6 3. e3 e6 4. f4 c5 5. Nf3 Nc6 6. Bb5 Bd7 7. O-O Bd6 8. d3 a6 9. Bxc6 Bxc6 10. Nbd2 O-O 11. Ne5 Nd7 12. Qh5 Nxe5 13. Bxe5 Bxe5 14. fxe5 b5 15. Rf4 f5 16. exf6 Rxf6 17. Raf1 Rxf4 18. Rxf4 Qe8 19. Qe5 Qe7 20. Nf3 h6 21. h4 Rf8 22. Rxf8+ Kxf8 23. Qb8+ Be8 24. Ne5 Kg8 25. Ng6 Qf7 26. h5 Kh7 27. Qd8 Qg8 28. Nf4 Bf7 29. Qd6 Qc8 30. Qe7 Kg8 31. a3 c4 32. b4 cxd3 33. cxd3 Qc1+ 34. Kf2 Qc2+ 35. Kf3 Qd1+ 36. Kf2 Qd2+ 37. Kf3 Qd1+ 38. Kf2 Qd2+ 39. Kf3 Qd1+ 1/2-1/2


[Site "https://www.chess.com"]

[Event "Titled Tuesday Blitz August 31 2021"]
[White "Papasimakopoulos, Alexandros"]
[Black "Semcesen, Daniel"]
[WhiteFideId "4244125"]
[BlackFideId "1706993"]
[WhiteElo "2352"]
[BlackElo "2505"]
[Result "1-0"]
[Round "03"]
[TimeControl "180+1"]
[Date "2021.08.31"]
[WhiteClock "0:00:10"]
[BlackClock "0:00:01"]

1. d4 e6 2. c4 d5 3. Nc3 Nf6 4. cxd5 exd5 5. Bg5 c6 6. e3 Qb6 7. Qd2 Be7 8. Bd3 Nbd7 9. Nf3 O-O 10. O-O Qd8 11. Qc2 Re8 12. h3 Ne4 13. Bf4 Ndf6 14. Rab1 a5 15. Ne5 Nd6 16. a3 g6 17. b4 axb4 18. axb4 Bf5 19. Bxf5 Nxf5 20. b5 c5 21. dxc5 Bxc5 22. Rfd1 Rc8 23. Qb3 Ne7 24. e4 Qb6 25. Rb2 Bd4 26. Rc2 Bxc3 27. Rxc3 Rxc3 28. Qxc3 Nxe4 29. Qb2 Qe6 30. Nf3 Rc8 31. Ng5 Nxg5 32. Bxg5 Nf5 33. g4 Nd6 34. Bh6 f6 35. Qd4 Nf7 36. Bf4 Rd8 37. Bc7 Rd7 38. b6 Ne5 39. Kg2 Kf7 40. Re1 Re7 41. Bd8 Rd7 42. Bc7 Nc6 43. Qd2 Ne5 44. f4 Qc6 45. fxe5 d4+ 46. Kh2 fxe5 47. Rxe5 d3 48. Re3 Qc2 49. Qxc2 dxc2 50. Rc3 Rd2+ 51. Kg3 Rd3+ 52. Rxd3 c1=Q 53. Rd7+ Ke6 54. Rxh7 Qe3+ 55. Kh4 g5+ 56. Kh5 Qxh3+ 57. Kg6 Qd3+ 58. Kh6 Qh3+ 59. Kg7 Qc3+ 60. Kg8 1-0


[Site "https://www.chess.com"]

[Event "Titled Tuesday Blitz August 31 2021"]
[White "Pastar, Slaven"]
[Black "Postny, Evgeny"]
[WhiteFideId "14402718"]
[BlackFideId "2804344"]
[WhiteElo "2495"]
[BlackElo "2745"]
[Result "1/2-1/2"]
[Round "03"]
[TimeControl "180+1"]
[Date "2021.08.31"]
[WhiteClock "0:00:10"]
[BlackClock "0:00:14"]

1. b3 d5 2. Bb2 c6 3. Nf3 Nf6 4. e3 Bg4 5. Be2 Nbd7 6. c4 Bxf3 7. Bxf3 e5 8. cxd5 cxd5 9. Nc3 e4 10. Be2 Bd6 11. O-O O-O 12. d3 Be5 13. Na4 Bxb2 14. Nxb2 Rc8 15. Rc1 Qa5 16. dxe4 Rxc1 17. Qxc1 dxe4 18. a4 Qb4 19. Qc2 Nc5 20. Bc4 h5 21. Rd1 h4 22. h3 b6 23. Rd4 Qe1+ 24. Bf1 Ne6 25. Rd1 Qb4 26. Qc4 Qxc4 27. Nxc4 Rd8 28. Rxd8+ Nxd8 29. a5 bxa5 30. Nxa5 Kf8 31. Bc4 Ke7 32. b4 Ne8 33. f3 exf3 34. gxf3 Nd6 35. Bd3 f5 36. Kf2 g5 37. f4 g4 38. hxg4 fxg4 39. e4 Ne6 40. e5 Nxf4 41. exd6+ Kxd6 42. Bf5 g3+ 43. Kf3 g2 44. Kf2 h3 45. Bxh3 Nxh3+ 46. Kxg2 Nf4+ 47. Kf3 Nd3 48. b5 Ne5+ 49. Ke4 Kc5 50. Nc6 Nxc6 51. bxc6 Kxc6 52. Kd4 a5 53. Kc3 a4 54. Kb4 a3 55. Kxa3 1/2-1/2


[Site "https://www.chess.com"]

[Event "Titled Tuesday Blitz August 31 2021"]
[White "Peng, David Yu"]
[Black "Kovalev, Vladislav"]
[WhiteFideId "2605376"]
[BlackFideId "13504398"]
[WhiteElo "2166"]
[BlackElo "2573"]
[Result "0-1"]
[Round "03"]
[TimeControl "180+1"]
[Date "2021.08.31"]
[WhiteClock "0:00:20"]
[BlackClock "0:00:36"]

1. e4 e5 2. Nf3 Nc6 3. Bb5 a6 4. Ba4 d6 5. c3 Bd7 6. O-O Nf6 7. Re1 g6 8. d4 Bg7 9. Nbd2 O-O 10. h3 Re8 11. dxe5 Nxe5 12. Nxe5 Rxe5 13. Bxd7 Qxd7 14. f4 Re7 15. e5 dxe5 16. fxe5 Nh5 17. Nf3 Qxd1 18. Rxd1 Bxe5 19. Nxe5 Rxe5 20. Rd7 Re1+ 21. Kf2 Rae8 22. b3 Nf4 23. Kf3 Rf1+ 24. Kg3 Ne2+ 0-1


[Site "https://www.chess.com"]